 Dungeon Crawl Stone Soup version 0.19.5 (webtiles) character file.

6 tidbits the Shooter (level 1, -1/14 HPs)
             Began as a High Elf Wanderer on Oct 29, 2017.
             Killed by nerve-wracking pain
             ... invoked by Jessica
              (7 damage)
             ... on level 2 of the Dungeon.
             The game lasted 00:01:46 (182 turns).

tidbits the Shooter (High Elf Wanderer)              Turns: 182, Time: 00:01:46

Health: -1/14      AC:  2    Str: 10    XL:     1   Next: 75%
Magic:  2/2        EV: 12    Int: 15    God:
Gold:   40         SH:  0    Dex: 15    Spells: 0 memorised, 0 levels left

rFire  . . .     SeeInvis .     b - +0 shortbow
rCold  . . .     Gourm    .     e - +0 robe
rNeg   . . .     Faith    .     (shield currently unavailable)
rPois  .         Spirit   .     (no helmet)
rElec  .         Reflect  .     (no cloak)
rCorr  .         Harm     .     (no gloves)
MR     .....                    (no boots)
Stlth  +.........               d - amulet of inaccuracy (curse)
                                (no ring)
                                (no ring)

@: very slightly contaminated, hasted, invisible, very quick
A: no striking features
a: no special abilities


You were on level 2 of the Dungeon.
You were not hungry.

You visited 1 branch of the dungeon, and saw 2 of its levels.

You collected 40 gold pieces.

Inventory:

Hand Weapons
 a - a +2 hand axe
 b - a +0 shortbow (weapon)
Missiles
 c - 18 arrows (quivered)
 k - 5 stones
 l - 17 bolts
 m - 7 needles of frenzy
Armour
 e - a +0 robe (worn)
 D - a +0 buckler
Jewellery
 d - a cursed amulet of inaccuracy (around neck)
   (You found it on level 1 of the Dungeon)
 g - an uncursed amulet of the gourmand {unknown}
   (You found it on level 1 of the Dungeon)
Potions
 h - a potion of haste
Comestibles
 f - a bread ration
 j - a beef jerky


   Skills:
 - Level 2.0 Fighting
 - Level 2.4 Axes
 * Level 3.1 Bows
 - Level 1.0 Armour
 + Level 0.9 Dodging
 - Level 1.7 Shields


You couldn't memorise any spells.
You didn't know any spells.

Dungeon Overview and Level Annotations

Branches:
Dungeon (2/15)

Altars:

Annotations:
D:2 Jessica


Message History

You hear a shout!
You hear an angry hiss.
b - a +0 shortbow (weapon)
You see here a lumpy puce potion.
h - 2 lumpy puce potions (gained 1)
A dart slug comes into view.
A hobgoblin comes into view. It is wielding a club.
The hobgoblin shouts!
The hobgoblin hits you with a club.
* * * LOW HITPOINT WARNING * * *
a - a +2 hand axe (weapon)
You slash the hobgoblin!
You kill the hobgoblin!
b - a +0 shortbow (weapon)
Firing (i - inventory. (,) - cycle):
c - 22 arrows (quivered)
Press: ? - help, Shift-Dir - straight line, f - dart slug
Aim: a dart slug (clinging)
You shoot an arrow.
The arrow hits the dart slug but does no damage.
a - a +2 hand axe (weapon)
The dart slug closely misses you.
You hit the dart slug.
The dart slug is lightly wounded.
You hit the dart slug.
The dart slug is severely wounded.
The dart slug misses you.
You hit the dart slug but do no damage.
The dart slug is severely wounded.
The dart slug barely misses you.
You hit the dart slug.
The dart slug is severely wounded.
The dart slug closely misses you.
You closely miss the dart slug.
The dart slug is severely wounded.
The dart slug misses you.
You hit the dart slug but do no damage.
The dart slug is severely wounded.
You hit the dart slug.
You kill the dart slug!
Your Bows skill increases to level 3!
You see here a club.
You see here an arrow.
c - 22 arrows (gained 1)
b - a +0 shortbow (weapon)
Found 7 needles of frenzy and 14 gold pieces.
You see here 7 needles of frenzy.
m - 7 needles of frenzy You see here 14 gold pieces.
You now have 40 gold pieces (gained 14).
A ball python comes into view.
The ball python hisses angrily.
Firing (i - inventory. (,) - cycle):
c - 22 arrows (quivered)
Press: ? - help, Shift-Dir - straight line, f - ball python
Aim: a ball python You shoot an arrow.
The arrow hits the ball python!
You kill the ball python!
Found a stone staircase leading down.
Found an escape hatch in the floor.
Found 11 gold pieces.
There is a stone staircase leading down here.
You climb downwards.
Jessica the Apprentice Sorceress comes into view.
Found a stone staircase leading down.
There is a stone staircase leading up here.
Firing (i - inventory. (,) - cycle):
c - 21 arrows (quivered)
Press: ? - help, Shift-Dir - straight line, f - Jessica
Aim: Jessica, wearing a robe (resting)
You shoot an arrow. The arrow barely misses Jessica.
Jessica shouts!
Firing (i - inventory. (,) - cycle):
c - 20 arrows (quivered)
Press: ? - help, Shift-Dir - straight line, f/p - Jessica
Aim: Jessica, wearing a robe You shoot an arrow.
The arrow barely misses Jessica.
It was a potion of haste.
You feel yourself speed up.
You are very lightly contaminated with residual magic.
a - a +2 hand axe (weapon)
You barely miss Jessica. Jessica hits you.
* * * LOW HITPOINT WARNING * * *
You hit Jessica.
Jessica is moderately wounded.
Jessica hits you but does no damage.
It was a potion of invisibility.
You fade into invisibility!
You miss Jessica.
Jessica is moderately wounded.
Jessica closely misses you.
You closely miss Jessica.
Jessica is moderately wounded.
Jessica closely misses you.
You catch the helpless Jessica completely off-guard!
You hit Jessica.
Jessica is heavily wounded.
b - a +0 shortbow (weapon)
Firing (i - inventory. (,) - cycle):
c - 19 arrows (quivered)
Press: ? - help, Shift-Dir - straight line, f/p - Jessica
Aim: Jessica, wearing a robe (heavily wounded)
You shoot an arrow. The arrow barely misses Jessica.
Jessica points at you and mumbles some strange words.
Pain shoots through your body!
Ouch! That really hurt!
You die...

... . >.
.. ..
... .#
..( ##.#
#.( #..
#.@#.###
#..@..#
#..##..#
#.# ..#
#. ... .
#.. #. #
#


You could see Jessica.

Vanquished Creatures
  A dart slug (D:1)
  A ball python (D:1)
  A hobgoblin (D:1)
  A kobold (D:1)
4 creatures vanquished.

Notes
Turn   | Place    | Note
-------+----------+-------------------------------------------
     0 | D:1      | tidbits the High Elf Wanderer began the quest for the Orb.
     0 | D:1      | tidbits set off with: a +2 hand axe, a +0 shortbow, 22 arrows, a +0 buckler, a +0 robe, a bread ration
     0 | D:1      | Reached XP level 1. HP: 14/14 MP: 2/2
   132 | D:1      | Reached skill level 3 in Bows
   170 | D:2      | Noticed Jessica
   182 | D:2      | Killed from afar by Jessica

Skill      XL: |  1 |
---------------+----+-----
Bows           | 3 |  3.1
Fighting       | |  2.0
Axes           | |  2.4
Armour         | |  1.0
Dodging        | |  0.9
Shields        | |  1.7

Action                   || total
-------------------------++-------
Melee: Hand axe          ||    14
 Fire: Shortbow          ||    12
  Use: Potion            ||     2
       Scroll            ||     1
 Stab: Invisible         ||     1
Armor: Robe              ||     1
Dodge: Dodged            ||    13

Table legend:
 A = Turns spent in this place as a percentage of turns spent in the entire game.
 B = Non-inter-level travel turns spent in this place as a percentage of non-inter-level travel turns spent in the entire game.
 C = Inter-level travel turns spent in this place as a percentage of turns spent in this place.
 D = Turns resting spent in this place as a percentage of non-inter-level travel turns spent in this place.
 E = Turns spent auto-exploring this place as a percentage of non-inter-level travel turns spent in this place.
 F = Non-inter-level travel turns spent in this place divided by the number of levels of this place that you've seen.
                   A       B       C       D       E      F
               +-------+-------+-------+-------+-------+----------------------
         Total | 100.0 | 100.0 |   0.0 |   0.0 |   0.0 |  87.0
       Dungeon | 100.0 | 100.0 |   0.0 |   0.0 |   0.0 |  87.0
               +-------+-------+-------+-------+-------+----------------------

Table legend:
 A = Kills in this place as a percentage of kills in entire the game.
 B = Kills by you in this place as a percentage of kills by you in the entire game.
 C = Kills by friends in this place as a percentage of kills by friends in the entire game.
 D = Other kills in this place as a percentage of other kills in the entire game.
 E = Experience gained in this place as a percentage of experience gained in the entire game.
 F = Experience gained in this place divided by the number of levels of this place that you have seen.
                   A       B       C       D       E      F
               +-------+-------+-------+-------+-------+----------------------
         Total | 100.0 | 100.0 |  -nan |  -nan | 100.0 |   4.5
       Dungeon | 100.0 | 100.0 |  -nan |  -nan | 100.0 |   4.5
               +-------+-------+-------+-------+-------+----------------------

Vault maps used:
D:1:      nicolae_arrival_washed_ashore
D:2:      gammafunk_temple_overflow_pools, first_bread, uniq_terence,
          uniq_sigmund, uniq_jessica
